 Dungeon Crawl Stone Soup version 0.27.1-2-g3b301248ec (webtiles) character file.

Game seed: 10723521353811706444

679 CuBeRJAN3 the Magician (level 7, -1/41 HPs)
             Began as a Deep Elf Fire Elementalist on Oct 3, 2021.
             Shot with an arrow by a centaur (6 damage)
             ... on level 4 of the Dungeon.
             The game lasted 00:34:16 (6539 turns).

CuBeRJAN3 the Magician (Deep Elf Fire Elementalist) Turns: 6539, Time: 00:34:17

Health: -1/41      AC:  5    Str:  5    XL:     7   Next: 34%
Magic:  17/18      EV: 12    Int: 22    God:
Gold:   169        SH:  0    Dex: 15    Spells: 2/18 levels left

rFire    . . .     SeeInvis .   f - staff of conjuration
rCold    . . .     Faith    .   (no shield)
rNeg     . . .     Spirit   .   n - +2 robe {Will+}
rPois    .         Reflect  .   i - +0 helmet
rElec    .         Harm     .   (no cloak)
rCorr    .         Rampage  .   (no gloves)
Will     +....                  (no boots)
Stlth    ++........             (no amulet)
HPRegen  0.13/turn              (no ring)
MPRegen  0.16/turn              (no ring)

@: about to teleport, studying Axes
A: no striking features
a: no special abilities


You were on level 4 of the Dungeon.
You visited 1 branch of the dungeon, and saw 5 of its levels.

You collected 169 gold pieces.

Inventory:

Hand Weapons
 u - a +0 hunting sling
Missiles
 c - 44 sling bullets
 g - 107 stones
 v - 2 throwing nets
Armour
 a - a +0 robe
 i - a +0 helmet (worn)
 n - a +2 robe of willpower (worn)
Magical Staves
 f - a staff of conjuration (weapon)
Jewellery
 j - an amulet of reflection
Wands
 s - a wand of iceblast (13)
Scrolls
 d - 3 scrolls of identify {unknown}
 e - a scroll of magic mapping {unknown}
 m - a scroll of noise {unknown}
 p - a scroll of amnesia {unknown}
 q - a scroll of holy word {unknown}
 r - a scroll of brand weapon {unknown}
Potions
 h - a potion of resistance {unknown}
 k - a potion of heal wounds {unknown}
 l - a potion of invisibility {unknown}
 o - 4 potions of curing {unknown}
 t - a potion of degeneration {unknown}


   Skills:
 + Level 3.1 Fighting
 - Level 2.4 Dodging
 - Level 2.4 Stealth
 + Level 6.0 Spellcasting
 + Level 4.4 Conjurations
 + Level 5.5 Fire Magic


You had 2 spell levels left.
You knew the following spells:

 Your Spells              Type           Power      Damage    Failure   Level
a - Foxfire               Conj/Fire      100%       2x1d9     1%          1
b - Conjure Flame         Conj/Fire      42%        6-21      3%          3
c - Fireball              Conj/Fire      21%        3d10      32%         5
d - Sticky Flame          Conj/Fire      42%        2d6       12%         4
e - Inner Flame           Hex/Fire       18%        N/A       9%          3

Your spell library contained the following spells:

 Spells                   Type           Power      Damage    Failure   Level
 Magic Dart               Conj           100%       1d8       1%          1
 Freeze                   Ice            24%        1d5       9%          1
 Call Imp                 Summ           6%         N/A       14%         2
 Mephitic Cloud           Conj/Pois/Air  19%        N/A       16%         3
 Frozen Ramparts          Ice            12%        1d3       26%         3
 Hailstorm                Conj/Ice       24%        3d7       36%         4


Dungeon Overview and Level Annotations

Branches:
Dungeon (5/15)
 Temple: D:4-7

Altars:
Elyvilon
Kikubaaqudgha
Qazlal
Trog
Zin

Shops:
D:3 [

Annotations:
D:2 1 runed translucent door, exclusion: door, Crazy Yiuf


Message History

The foxfire hits the centaur!
The centaur is moderately wounded.
The centaur shoots an arrow.
The arrow hits you!
Casting: Foxfire (safe; 1% risk of failure)
Press: ? - help, Q - select action, (/) - cycle Dir - look around, f - activate You feel a surge of power!
You conjure some foxfire!
The centaur shoots an arrow.
The arrow misses you. The arrow hits your foxfire!
The centaur shoots an arrow.
The arrow hits you!
The foxfire hits the centaur.
The centaur is moderately wounded.
The foxfire hits the centaur but does no damage.
The centaur is moderately wounded.
The centaur shoots an arrow.
The arrow hits you!
The centaur shoots an arrow.
The arrow misses you.
The centaur unwields a +0 shortbow.
The centaur misses you.
The centaur kicks you but does no damage.
There is a stone staircase leading up here.
The centaur hits you.
* * * LOW HITPOINT WARNING * * *
The centaur kicks you but does no damage.
The centaur barely misses you. The centaur misses you.
You climb upwards.
There is a stone staircase leading down here.
The centaur wields a +0 shortbow.
The centaur shoots an arrow.
The arrow closely misses you.
Casting: Foxfire (safe; 1% risk of failure)
Press: ? - help, Q - select action, (/) - cycle Dir - look around, f - activate
Okay, then.
Casting: Foxfire (safe; 1% risk of failure)
Press: ? - help, Q - select action, (/) - cycle Dir - look around, f - activate You feel a surge of power!
You conjure some foxfire!
The foxfire hits the centaur but does no damage.
The centaur is moderately wounded.
The foxfire hits the centaur.
The centaur is heavily wounded.
The centaur shoots an arrow.
The arrow hits you!
* * * LOW HITPOINT WARNING * * *
As you read the scroll of teleportation, it crumbles to dust.
You feel strangely unstable.
The centaur shoots an arrow.
The arrow hits you.
You die...

#
##..##.#..###.#
# #..#..#..# #.#
# #.....#..#
#.##### #
########
##....#..#
#.....# #
#......#
#..#.#..#
#####.# #
#......#
#.......# #.# #
#......#
##.#.#.## #.#
#......# #.#...#
#.# ###......#
#.§@### #.#
†.'......# ##..#
#.# ###......#
#.c##########.##
# #).....#
###............#
###......#
#.#..........#
##.......#
#.#.########.#
##.......# #...#
#.# ##)......#
##### #.#
.........# #.#


You could see a centaur.

Vanquished Creatures
  Menkaure (D:4)
  2 black bears (D:4)
  A hound (D:3)
  3 orc priests (D:4)
  Jessica (D:2)
  An orc wizard (D:4)
  Natasha (thrice) (D:2)
  2 howler monkey skeletons (D:4)
  4 adders
  4 gnolls
  A worm (D:4)
  3 dart slugs
  13 orcs
  5 bats (D:1)
  6 endoplasms
  4 goblins
  6 hobgoblins
  2 quokkas
  12 ball pythons
  A kobold (D:2)
  9 rats
84 creatures vanquished.

Vanquished Creatures (others)
  250 foxfires
  4 plants (D:2)
254 creatures vanquished.

Grand Total: 338 creatures vanquished

Notes
Turn   | Place    | Note
-------+----------+-------------------------------------------
     0 | D:1      | CuBeRJAN3 the Deep Elf Fire Elementalist began the quest
                  | for the Orb.
     0 | D:1      | Reached XP level 1. HP: 10/10 MP: 6/6
   519 | D:1      | Reached XP level 2. HP: 16/16 MP: 5/8
  1018 | D:2      | Found a faded altar of an unknown god.
  1029 | D:2      | Reached XP level 3. HP: 20/20 MP: 5/10
  1096 | D:2      | Noticed Jessica
  1178 | D:2      | Noticed Natasha
  1270 | D:1      | Learned a level 3 spell: Conjure Flame
  1326 | D:1      | Reached skill level 1 in Fighting
  1844 | D:2      | Found a stormy altar of Qazlal.
  2171 | D:2      | Killed Jessica
  2172 | D:2      | Reached XP level 4. HP: 25/25 MP: 9/11
  2273 | D:2      | Reached skill level 4 in Spellcasting
  2465 | D:2      | Found a runed translucent door.
  2466 | D:2      | Noticed Crazy Yiuf
  2892 | D:2      | Killed Natasha
  2899 | D:2      | Noticed Natasha
  3136 | D:3      | Found a white marble altar of Elyvilon.
  3167 | D:3      | Found Siakk's Antique Armour Shop.
  3299 | D:3      | Found a stormy altar of Qazlal.
  3364 | D:3      | Found an ancient bone altar of Kikubaaqudgha.
  3364 | D:3      | Found a bloodstained altar of Trog.
  3533 | D:3      | Found a glowing silver altar of Zin.
  3536 | D:3      | Noticed an angel
  3655 | D:3      | Reached XP level 5. HP: 30/30 MP: 10/13
  3666 | D:3      | Learned a level 5 spell: Fireball
  3871 | D:4      | Noticed a black bear
  4522 | D:3      | Learned a level 4 spell: Sticky Flame
  4617 | D:4      | Noticed Menkaure
  4625 | D:4      | Killed Menkaure
  4626 | D:4      | Reached skill level 5 in Spellcasting
  4626 | D:4      | Reached XP level 6. HP: 20/36 MP: 9/15
  4653 | D:4      | Reached skill level 5 in Fire Magic
  5523 | D:4      | Reached XP level 7. HP: 24/40 MP: 13/17
  5847 | D:5      | Entered Level 5 of the Dungeon
  6075 | D:2      | Killed Natasha
  6210 | D:2      | Noticed Natasha
  6248 | D:2      | Killed Natasha
  6249 | D:2      | Reached skill level 6 in Spellcasting
  6423 | D:4      | Learned a level 3 spell: Inner Flame
  6539 | D:4      | Shot with an arrow by a centaur

Illustrated notes

Levels and vault maps discovered:
D:1:      minmay_arrival_hallway, layout_loops_corners
D:2:      cheibrodos_old_hovel, layout_basic, basic_altar,
          hellmonk_ecumenical_altar_arch_garden, uniq_jessica, uniq_natasha,
          uniq_crazy_yiuf_cottage
D:3:      layout_basic, mainiacjoe_overflow_catwalk, zin_angel,
          elyvilon_altar_5, jmf_multi_god_temple, serial_shops,
          nicolae_square_shop
D:4:      layout_basic, minmay_manual_mess, uniq_menkaure
D:5:      layout_basic, ebering_ghost_sewer_d

Skill      XL: |  1  2  3  4  5  6  7 |
---------------+----------------------+-----
Conjurations   | 2 3 4 |  4.4
Fighting       | 1 2 3 |  3.1
Spellcasting   | 4 5 6 |  6.0
Fire Magic     | 4 5 |  5.5
Dodging        | |  2.4
Stealth        | |  2.4

Action                   |  1- 3 |  4- 6 |  7- 9 || total
-------------------------+-------+-------+-------++-------
Melee: Staff             |     1 |     2 |     7 ||    10
 Cast: Foxfire           |    54 |    92 |    18 ||   164
       Conjure Flame     |       |     6 |     4 ||    10
       Sticky Flame      |       |     1 |       ||     1
  Use: Scroll            |     1 |     2 |     1 ||     4
       Potion            |       |       |     1 ||     1
Armor: Robe              |    10 |    12 |     5 ||    27
Dodge: Dodged            |    39 |    35 |    20 ||    94
